 Dungeon Crawl Stone Soup version 0.22-a0-456-g11ed031 (webtiles) character file.

1844 KristoblXynda the Covert (level 9, -2/51 HPs)
             Began as an Octopode Conjurer on June 5, 2018.
             Was a Priest of Cheibriados.
             Slain by a manticore (26 damage)
             ... on level 8 of the Dungeon on June 6, 2018.
             The game lasted 00:22:46 (7021 turns).

KristoblXynda the Covert (Octopode Conjurer)        Turns: 7021, Time: 00:22:47

Health: -2/51      AC:  1    Str: 15    XL:     9   Next: 12%
Magic:  12/18      EV: 14    Int: 28    God:    Cheibriados [***...]
Gold:   212        SH:  2    Dex: 21    Spells: 12/20 levels left

rFire    . . .     SeeInvis .   n - +3 spear
rCold    . . .     Gourm    .   (no shield)
rNeg     . . .     Faith    .   (helmet restricted)
rPois    +         Spirit   .   i - +2 amulet of reflection
rElec    .         Reflect  +   o - ring of poison resistance
rCorr    .         Harm     .   g - ring of flight
MR       .....                  (no ring)
Stlth    ++++++....             (no ring)
HPRegen  0.17/turn              (no ring)
MPRegen  0.16/turn              (no ring)
                                (no ring)
                                (no ring)

@: very slow
A: almost no armour, stealthy swim, amphibious, 8 rings, constrict 8, camouflage
1, gelatinous body 1
a: Bend Time, Temporal Distortion, Renounce Religion, Evoke Flight


You were on level 8 of the Dungeon.
You worshipped Cheibriados.
Cheibriados was most pleased with you.
You were not hungry.

You visited 1 branch of the dungeon, and saw 7 of its levels.

You collected 308 gold pieces.
You spent 96 gold pieces at shops.

Inventory:

Hand Weapons
 e - a +1 scythe of venom
 n - a +3 spear (weapon)
Missiles
 l - 2 throwing nets (quivered)
Jewellery
 g - a ring of flight (right tentacle)
 i - a +2 amulet of reflection (around mantle)
 m - a +3 ring of strength {unknown}
 o - a ring of poison resistance (left tentacle)
Wands
 q - a wand of clouds (9)
Scrolls
 a - a scroll of teleportation
 c - a scroll of amnesia
 h - 2 scrolls of enchant weapon {unknown}
 j - 2 scrolls of remove curse
 k - a scroll of fear
 r - a scroll of enchant armour {unknown}
Potions
 d - 2 potions of flight {unknown}
 f - a potion of magic {unknown}
 p - 4 potions of lignification
 s - a potion of heal wounds
 t - 3 potions of mutation
Comestibles
 b - 12 rations


   Skills:
 - Level 2.0 Dodging
 + Level 9.5 Stealth
 + Level 6.1 Spellcasting
 + Level 7.6 Conjurations
 + Level 2.1 Invocations
 + Level 1.6 Evocations


You had 12 spell levels left.
You knew the following spells:

 Your Spells              Type           Power        Failure   Level  Hunger
a - Magic Dart            Conj           ####         1%          1    None
b - Dazzling Spray        Conj/Hex       ####..       3%          3    None
c - Iskenderun's Mystic   Conj           ######..     2%          4    ###....

Your spell library contained the following spells:

 Spells                   Type           Power        Failure   Level  Hunger
 Fulminant Prism          Conj/Hex       ####......   12%         4    ###....
 Force Lance              Conj/Tloc      ####....     12%         4    ###....
 Searing Ray              Conj           ######       1%          2    None


Dungeon Overview and Level Annotations

Branches:
Dungeon (8/15)             Temple (0/1) D:4
   Lair: D:8-11

Altars:
Cheibriados
Fedhas
Gozag
Makhleb
Sif Muna
Trog
Yredelemnul

Shops:
D:7 !


Innate Abilities, Weirdness & Mutations

You cannot wear most types of armour.
You are very stealthy in the water. (Stealth+)
You are amphibious.
You can wear up to eight rings at the same time.
You can use your tentacles to constrict eight enemies at once.
Your skin changes colour to match your surroundings (Stealth+).
Your rubbery body absorbs attacks. (AC +1, EV +1)


Message History

Aim: a manticore The spray of energy hits the manticore.
The manticore is lightly wounded.
The manticore barely misses you. The manticore claws you!
The manticore barely misses you.
Evoke which item? (* to show all) (? for menu, Esc to quit)
Aiming: Cloud Cone
Press: ? - help, Dir - move target cursor, f/p - manticore
Aim: a manticore (lightly wounded)
You create a blast of freezing vapour!
The manticore is engulfed in freezing vapours.
The manticore misses you. The manticore barely misses you.
The manticore misses you.
Unknown command.
You hit the manticore. Your squeeze misses the manticore.
The manticore is heavily wounded.
The manticore is engulfed in freezing vapours.
The manticore bites you!!
Ouch! That really hurt!
You die...

###
#@#
#H#
#§§
#§##
§§#
###


You could see a manticore.

Vanquished Creatures
  Grinder (D:3)
  A hippogriff (D:7)
  Sigmund (D:3)
  A water moccasin (D:7)
  3 ogres
  A big kobold (D:3)
  A bullfrog (D:7)
  A scorpion (D:4)
  A water moccasin skeleton (D:7)
  A howler monkey (D:4)
  A centaur zombie (D:5)
  A crimson imp (D:5)
  A jelly (D:7)
  A quasit (D:5)
  An orc priest (D:5)
  2 orc wizards
  Ijyb (D:3)
  Natasha (thrice) (D:3)
  2 worker ants (D:4)
  A worker ant zombie (D:5)
  5 gnolls
  5 adders
  3 oozes
  2 adder skeletons
  An adder zombie (D:7)
  A worm (D:2)
  2 dart slugs
  A leopard gecko (D:2)
  15 orcs
  7 giant cockroaches
  15 goblins
  11 hobgoblins
  13 jackals
  3 quokkas
  3 ball pythons
  13 bats
  7 frilled lizards
  A jackal skeleton (D:5)
  A jackal zombie (D:7)
  18 kobolds
  2 quokka zombies (D:5)
  5 rats
160 creatures vanquished.

Vanquished Creatures (others)
  An ogre (D:5)
  A scorpion (D:5)
  2 worker ants (D:5)
  2 gnolls (D:5)
  A giant cockroach (D:5)
  A quokka (D:5)
  A frilled lizard (D:5)
9 creatures vanquished.

Grand Total: 169 creatures vanquished

Notes
Turn   | Place    | Note
-------+----------+-------------------------------------------
     0 | D:1      | KristoblXynda the Octopode Conjurer began the quest for the Orb.
     0 | D:1      | Reached XP level 1. HP: 11/11 MP: 3/3
    59 | D:1      | Reached skill level 3 in Stealth
    94 | D:1      | Reached XP level 2. HP: 13/17 MP: 1/5
   142 | D:1      | Upgraded the game from 0.22-a0-455-ga0624bf to 0.22-a0-456-g11ed031
   492 | D:1      | Reached XP level 3. HP: 14/21 MP: 3/6
  1378 | D:2      | Reached skill level 4 in Stealth
  1468 | D:2      | Reached XP level 4. HP: 27/27 MP: 2/8
  1676 | D:2      | Learned a level 3 spell: Dazzling Spray
  2036 | D:2      | Found a snail-covered altar of Cheibriados.
  2051 | D:2      | Became a worshipper of Cheibriados the Contemplative
  2081 | D:2      | Found a blossoming altar of Fedhas.
  2276 | D:2      | Found an opulent altar of Gozag.
  2377 | D:3      | Found a bloodstained altar of Trog.
  2639 | D:3      | Reached XP level 5. HP: 31/31 MP: 2/9
  2763 | D:3      | Reached * piety under Cheibriados
  2849 | D:3      | Noticed Ijyb
  2885 | D:3      | Noticed Natasha
  2908 | D:3      | Killed Natasha
  2908 | D:3      | Reached skill level 5 in Stealth
  2908 | D:3      | Reached skill level 5 in Conjurations
  3065 | D:3      | Killed Ijyb
  3135 | D:3      | Noticed a big kobold
  3149 | D:3      | Killed a big kobold
  3149 | D:3      | Reached XP level 6. HP: 23/36 MP: 0/11
  3368 | D:3      | Reached ** piety under Cheibriados
  3403 | D:3      | Noticed Sigmund
  3418 | D:3      | Killed Sigmund
  3418 | D:3      | Reached skill level 6 in Stealth
  3418 | D:3      | Reached XP level 7. HP: 38/41 MP: 0/13
  3654 | D:3      | Noticed Natasha
  3660 | D:3      | Killed Natasha
  3740 | D:3      | Found a deep blue altar of Sif Muna.
  3789 | D:3      | Noticed Natasha
  3797 | D:3      | Killed Natasha
  3890 | D:3      | Noticed Grinder
  3903 | D:3      | Killed Grinder
  3903 | D:3      | Reached skill level 7 in Stealth
  4119 | D:4      | Reached XP level 8. HP: 40/46 MP: 8/15
  4290 | D:4      | Reached skill level 5 in Spellcasting
  4387 | D:4      | Learned a level 4 spell: Iskenderun's Mystic Blast
  4700 | D:4      | Found a staircase to the Ecumenical Temple.
  4732 | D:4      | Reached skill level 8 in Stealth
  5141 | D:5      | Entered Level 5 of the Dungeon
  5462 | D:5      | Reached *** piety under Cheibriados
  5742 | D:5      | You fall through a shaft for 2 floors!
  5879 | D:7      | Found a burning altar of Makhleb.
  5904 | D:7      | Reached skill level 9 in Stealth
  6056 | D:7      | Reached skill level 1 in Invocations
  6151 | D:7      | Noticed a hippogriff
  6453 | D:7      | Killed a hippogriff
  6453 | D:7      | Reached skill level 1 in Evocations
  6453 | D:7      | Reached XP level 9. HP: 51/51 MP: 4/18
  6572 | D:7      | Found a basalt altar of Yredelemnul.
  6579 | D:7      | Found Uhukeidu's Distillery.
  6587 | D:7      | Bought a potion of lignification for 36 gold pieces
  6587 | D:7      | Bought a potion of heal wounds for 60 gold pieces
  7017 | D:8      | Noticed a manticore
  7021 | D:8      | Slain by a manticore

Vault maps used:
D:1:      dpeg_arrival_stone_temple_mockup, serial_forest,
          infiniplex_forest_end_2, infiniplex_forest_end_1,
          infiniplex_forest_straight_3, infiniplex_forest_end_2,
          infiniplex_forest_clump_tiny, infiniplex_forest_clump_diagonal,
          infiniplex_forest_clump_small, infiniplex_forest_straight_4
D:2:      nicolae_overflow_hidden_temple, lemuel_crystal_altar,
          grunt_gozag_breadcrumbs
D:3:      cheibrodos_thug_alley, lemuel_coloured_pillars_altar, bloody_trog,
          first_ration, uniq_natasha, uniq_ijyb, uniq_sigmund, uniq_grinder
D:4:      temple_green
D:5:      xom_confusion_cloud
D:7:      lemuel_doored_altar, serial_shops, nicolae_shop_crystal, basic_altar,
          minmay_misc_feat_hallway, grunt_ogre_cave
D:8:      serial_co_window_serial, co_window_paths_a, co_window_paths_a,
          co_window_paths_a, co_window_corner_a, co_window_corner_a,
          co_window_unsneaky_path_c, co_window_2corner, co_window_corner_cb,
          glass_columns_a, yredelemnul_altar_generic, uniq_grum

Skill      XL: |  1  2  3  4  5  6  7  8 |
---------------+-------------------------+-----
Stealth        | 3 4 5 6 7 9 |  9.5
Spellcasting   | 3 4 6 |  6.1
Conjurations   | 5 6 7 |  7.6
Invocations    | 2 |  2.1
Evocations     | 1 |  1.6
Dodging        | |  2.0

Action                   |  1- 3 |  4- 6 |  7- 9 || total
-------------------------+-------+-------+-------++-------
Melee: Unarmed           |    67 |     5 |       ||    72
       Constrict         |    15 |    16 |     5 ||    36
       Tentacles         |    14 |    13 |    12 ||    39
       Spear             |       |    58 |    38 ||    96
 Cast: Magic Dart        |    52 |   108 |   162 ||   322
       Dazzling Spray    |       |     4 |    12 ||    16
       Iskenderun's Myst |       |       |     9 ||     9
Evoke: Wand              |       |       |     2 ||     2
  Use: Scroll            |     1 |     3 |     6 ||    10
       Potion            |       |     1 |     2 ||     3
 Stab: Sleeping          |     1 |     2 |       ||     3
       Invisible         |       |     1 |       ||     1
  Eat: Chunk             |     2 |     5 |     4 ||    11
       Ration            |       |       |     1 ||     1
Armor: Skin              |    10 |     6 |     8 ||    24
Dodge: Dodged            |    71 |    36 |    72 ||   179

Table legend:
 A = Spawn XP
 B = Non-spawn XP
 C = Spawn XP percentage of total XP
 D = Spawn monster count
 E = Non-spawn monster count
 F = Spawn count percentage of total count
 G = Total turns spent on level
                    A         B        C        D         E        F      G
               +---------+---------+-------+---------+---------+-------+---------
         Total |       0 |    2635 |   0.0 |       0 |     160 |   0.0 |  7021
               +---------+---------+-------+---------+---------+-------+---------
           D:1 |       0 |      62 |   0.0 |       0 |      34 |   0.0 |  1185
           D:2 |       0 |      70 |   0.0 |       0 |      24 |   0.0 |  1170
           D:3 |       0 |     957 |   0.0 |       0 |      51 |   0.0 |  1737
           D:4 |       0 |     511 |   0.0 |       0 |      18 |   0.0 |  1314
           D:5 |       0 |     236 |   0.0 |       0 |      19 |   0.0 |   336
           D:7 |       0 |     799 |   0.0 |       0 |      14 |   0.0 |  1275
               +---------+---------+-------+---------+---------+-------+---------
